 Dungeon Crawl Stone Soup version 0.30-a0-852-g08b95dd62f (webtiles) character file.

Game seed: 2957502773992816931

24626 demibob the Martial Artist (level 12, -2/91 HPs)
             Began as a Demonspawn Wanderer on Mar 4, 2023.
             Was a Believer of Okawaru.
             Slain by a nine-headed hydra (6 damage)
             ... on level 2 of the Lair of Beasts.
             The game lasted 00:18:11 (9602 turns).

demibob the Martial Artist (Demonspawn Wanderer)    Turns: 9602, Time: 00:18:12

Health: -2/91      AC: 17    Str: 14    XL:     12   Next: 82%
Magic:  14/14      EV: 11    Int: 15    God:    Okawaru [**....]
Gold:   948        SH:  9    Dex: 15    Spells: 12/13 levels left

rFire   . . .      SeeInvis .      - Unarmed
rCold   + . .      Faith    .    (no shield)
rNeg    . . .      Spirit   .    g - +1 scale mail {rC+}
rPois   +          Reflect  +    l - +1 helmet of Lesser Demons {rElec Slay+3}
rElec   +          Rampage  .    b - +1 cloak
rCorr   .                        (gloves unavailable)
Will    .....                    (no boots) Stlth
                                 B - amulet of reflection
HPRegen 1.15/turn                P - ring of poison resistance
MPRegen 0.14/turn                Y - +4 ring of slaying

@: mighty, studying Evocations
A: claws 3, slimy green scales 2, condensation shield, regeneration 1, screaming
1, electricity resistance
a: Renounce Religion, Heroism


You were on level 2 of the Lair of Beasts.
You worshipped Okawaru.
Okawaru was pleased with you.
You visited 2 branches of the dungeon, and saw 12 of its levels.
You also visited: Trove and Sewer.

You collected 1417 gold pieces.
You spent 469 gold pieces at shops.


Innate Abilities, Weirdness & Mutations

You have claws for hands.
You are mostly covered in slimy green scales. (AC +3)
A meltable shield of frost defends you. (SH +4)
Your natural rate of healing is unusually fast.
You occasionally shout uncontrollably at your foes.
You are resistant to electric shocks. (rElec)


   Skills:
 - Level 7.2 Fighting
 - Level 2.5 Short Blades
 + Level 9.8 Armour
 - Level 5.2 Dodging
 * Level 14.6 Unarmed Combat
 - Level 1.0 Spellcasting
 - Level 2.0 Summonings
 - Level 3.0 Invocations
 + Level 6.4 Evocations


You had 12 spell levels left.
You knew the following spells:

 Your Spells              Type           Power      Damage    Failure   Level
z - Summon Small Mammal   Summ           24%        N/A       34%         1

Your spell library contained the following spells:

 Spells                   Type           Power      Damage    Failure   Level
 Shock                    Conj/Air       0%         1d3       61%         1
 Ensorcelled Hibernation  Hex/Ice        0%         N/A       75%         2
 Lesser Beckoning         Tloc           0%         N/A       75%         2
 Passwall                 Tmut/Erth      0%         N/A       75%         2
 Gell's Gravitas          Tloc           0%         N/A       93%         3
 Ignite Poison            Fire/Tmut/Pois 0%         N/A       93%         3
 Kindle Blastsparks       Fire/Tloc/Air  0%         2d10      93%         3
 Ozocubu's Armour         Ice            0%         N/A       93%         3
 Swiftness                Air            0%         N/A       93%         3
 Teleport Other           Tloc           0%         N/A       93%         3
 Airstrike                Air            0%         2d(0-16)  100%        4
 Passage of Golubria      Tloc           0%         N/A       100%        4
 Freezing Cloud           Conj/Ice/Air   0%         6-21      100%        5
 Iskenderun's Battlesphe  Conj           0%         2d6       100%        5
 Metabolic Englaciation   Hex/Ice        0%         N/A       100%        5
 Silence                  Hex/Air        0%         N/A       100%        5
 Conjure Ball Lightning   Conj/Air       0%         3x3d6     100%        6
 Discord                  Hex            0%         N/A       100%        8
 Disjunction              Tloc           0%         N/A       100%        8
 Lehudib's Crystal Spear  Conj/Erth      0%         10d2      100%        8
 Summon Guardian Golem    Hex/Summ       Unusable   N/A       N/A         3
 Simulacrum               Ice/Necr       Unusable   N/A       N/A         6
 Spellforged Servitor     Conj/Summ      Unusable   N/A       N/A         7

Inventory:

Hand Weapons
 a - a +3 short sword
Missiles
 i - 3 throwing nets {=f}
Armour
 b - a +1 cloak (worn)
 g - a +1 scale mail of cold resistance (worn)
 l - the +1 helmet of Lesser Demons (worn) {rElec Slay+3}
   (You bought it in a shop on level 10 of the Dungeon)

   Slay:      It affects your accuracy & damage with ranged weapons and melee
   (+3).
   rElec:     It insulates you from electricity.
Jewellery
 v - a ring of see invisible
 B - an amulet of reflection (around neck)
 P - a ring of poison resistance (left claw)
 Y - a +4 ring of slaying (right claw)
Wands
 n - a wand of paralysis (22)
 r - a wand of roots (8)
 w - a wand of mindburst (14)
 A - a wand of polymorph (3)
Scrolls
 e - a scroll of brand weapon {unknown}
 h - 5 scrolls of identify {@r1}
 j - 3 scrolls of silence {!r}
 k - 2 scrolls of blinking
 o - a scroll of enchant weapon
Potions
 c - 3 potions of curing {@q1}
 d - a potion of magic
 f - 4 potions of flight
 m - 4 potions of haste {@q3}
 p - 2 potions of ambrosia
 s - a potion of experience {unknown}
 t - a potion of might
 x - a potion of resistance
Miscellaneous
 u - a piece from Xom's chessboard (15/15)
 y - a phial of floods
 z - a lightning rod (4/4)

Dungeon Overview and Level Annotations

Branches:
Dungeon (10/15)            Temple (0/1) D:7            Lair (2/5) D:10
  Sewer (visited)
  Swamp: Lair:2-3    Shoals: Lair:2-3     Snake: Lair:2-3    Spider: Lair:2-3
    Orc: D:9-12

Altars:
Ashenzari
Fedhas
Kikubaaqudgha
Okawaru
Xom
Yredelemnul

Shops:
D:10 [

Annotations:
D:10 2 runed translucent doors

.▒. ... ▒.. ▒...
...▒▒ ..r+▒▒▒
▒DY..+ +@..+ ▒.†.+
▒'.▒▒ .# ▒†.▒▒....
▒▒▒▒▒▒....▒ #..
▒....†....▒ ##...
▒...▒▒...▒▒
#....▒▒†..▒.....▒
###
#....▒▒.▒.▒▒.▒▒▒...


You could see a death yak, a nine-headed hydra and a river rat.


Message History

The river rat bites you but does no damage.
You tear one of the seven-headed hydra's heads off!
The six-headed hydra grows two more!
You claw the eight-headed hydra!
The eight-headed hydra is almost dead.
The eight-headed hydra barely misses you.
The eight-headed hydra bites you!
* * * LOW HITPOINT WARNING * * *
The eight-headed hydra bites you.
* * * LOW HITPOINT WARNING * * *
The eight-headed hydra bites you but does no damage.
The eight-headed hydra bites you!
* * * LOW HITPOINT WARNING * * *
The eight-headed hydra closely misses you.
The eight-headed hydra bites you but does no damage. x2
You tear one of the eight-headed hydra's heads off!
The seven-headed hydra grows two more!
You claw the nine-headed hydra!
The nine-headed hydra is almost dead.
The nine-headed hydra bites you but does no damage. x2
You block the nine-headed hydra's attack.
The nine-headed hydra bites you!
* * * LOW HITPOINT WARNING * * *
The nine-headed hydra bites you.
* * * LOW HITPOINT WARNING * * *
The nine-headed hydra bites you!
* * * LOW HITPOINT WARNING * * *
The nine-headed hydra bites you!
* * * LOW HITPOINT WARNING * * *
The nine-headed hydra bites you but does no damage.
The nine-headed hydra bites you.
You die...

Skill      XL: |  1  2  3  4  5  6  7  8  9 10 11 12 |
---------------+-------------------------------------+-----
Short Blades   | 2 |  2.5
Unarmed Combat | 1 2 3 4 6 8 10 11 13 14 | 14.6
Dodging        | 2 4 5 |  5.2
Armour         | 3 6 7 8 9 |  9.8
Invocations    | 2 3 |  3.0
Fighting       | 4 6 7 |  7.2
Evocations     | 6 |  6.4
Spellcasting   | |  1.0
Summonings     | |  2.0

Action                     |  1- 3 |  4- 6 |  7- 9 | 10-12 || total
---------------------------+-------+-------+-------+-------++-------
  Melee: Short sword       |   129 |     9 |       |       ||   138
         Punch             |     1 |     3 |    10 |    39 ||    53
         Unarmed           |       |   166 |   321 |   510 ||   997
  Evoke: Wand              |       |       |       |     5 ||     5
         Lightning rod     |       |       |       |     1 ||     1
    Use: Scroll            |     1 |     4 |    11 |     6 ||    22
         Potion            |     8 |     4 |     4 |     4 ||    20
   Stab: Distracted        |     1 |       |       |       ||     1
         Sleeping          |       |     1 |     1 |       ||     2
         Invisible         |       |     3 |       |       ||     3
         Paralysed         |       |       |       |     5 ||     5
 Armour: Robe              |    34 |    30 |     3 |       ||    67
         Ring mail         |       |       |    64 |    96 ||   160
         Scale mail        |       |       |       |   134 ||   134
  Dodge: Dodged            |    83 |    78 |   120 |   283 ||   564
  Block: Other             |    18 |    23 |    34 |   130 ||   205
         Reflection        |       |       |       |     2 ||     2

Levels and vault maps discovered:
D:1:      giann_horns, layout_rooms, grunt_decor_fettered
D:2:      layout_basic, basic_altar
D:3:      layout_rooms, shapermc_ecumenical_altar_venn, hex_medium,
          kennysheep_pointless_box, skrybe_limestone_x, minmay_crystal_room,
          bh_walls_and_bars
D:4:      layout_basic, gammafunk_temple_overflow_pools, serial_park_tiny_pond,
          hangedman_abyss_or_decor_slice, uniq_pikel
D:5:      layout_basic, tso_metal_star, mainiacjoe_overflow_brackets,
          portal_sewer_entry_f, uniq_menkaure, uniq_duvessa
D:6:      layout_loops_ring, minivault_1, uniq_maggie
D:7:      layout_basic, kennysheep_little_box, minmay_temple_entry_sparse_star
D:8:      layout_basic, centaur_isle, uniq_prince_ribbit1
D:9:      layout_irregular_city
D:10:     minmay_the_grid_triangle_9x9_recursive_2
          [minmay_the_grid_triangle_9x9_prize_top_heavy,
          minmay_the_grid_triangle_9x9_tough_junction,
          minmay_the_grid_triangle_9x9_empty,
          minmay_the_grid_triangle_9x9_pentomino_pain], layout_rooms,
          fedhas_ov_isle_minmay, lair_entry_dummy, serial_shops,
          nicolae_diamond_shop, nicolae_trove_entry_path_of_doom,
          grunt_ministairs_5
Lair:1:   wad_woods_minihive, layout_chaotic_city, uniq_harold
Lair:2:   layout_long_grid, nicolae_spider_entry_orb_guardian, st_stairs_4,
          kennysheep_abandoned_house, lemuel_fruit_tree

Notes
Turn   | Place    | Note
-------+----------+-------------------------------------------
     0 | D:1      | demibob the Demonspawn Wanderer began the quest for the
                  | Orb.
     0 | D:1      | demibob set off with the following items: a +2 short sword,
                  | a +0 cloak, a potion of berserk rage {!q}, a +0 robe; and
                  | the following spell memorised: Summon Small Mammal; and the
                  | following spells available to memorise: Summon Guardian
                  | Golem.
     0 | D:1      | Reached XP level 1. HP: 16/16 MP: 2/2
    25 | D:1      | Reached skill level 2 in Short Blades
   291 | D:1      | Gained mutation: You have sharp fingernails. [demonic
                  | ancestry]
   291 | D:1      | Reached XP level 2. HP: 22/22 MP: 3/3
   556 | D:2      | Reached skill level 1 in Unarmed Combat
   603 | D:2      | Gained mutation: A meltable shield of frost defends you.
                  | (SH +4) [demonic ancestry]
   603 | D:2      | Reached XP level 3. HP: 9/27 MP: 4/4
   752 | D:2      | Reached skill level 2 in Unarmed Combat
   915 | D:2      | Found an ancient bone altar of Kikubaaqudgha.
  1085 | D:2      | HP: 2/27 [gnoll/+0 flail (4)]
  1098 | D:2      | Gained mutation: You occasionally shout uncontrollably at
                  | your foes. [potion of mutation]
  1098 | D:2      | Gained mutation: You are resistant to electric shocks.
                  | (rElec) [potion of mutation]
  1098 | D:2      | Gained mutation: Your natural rate of healing is unusually
                  | fast. [potion of mutation]
  1099 | D:2      | Identified a potion of resistance
  1103 | D:2      | Gained mutation: You are partially covered in slimy green
                  | scales. (AC +2) [demonic ancestry]
  1103 | D:2      | Reached XP level 4. HP: 30/33 MP: 5/5
  1106 | D:2      | Reached skill level 3 in Unarmed Combat
  1604 | D:3      | Found a faded altar of an unknown god.
  1795 | D:3      | Gained mutation: You have very sharp fingernails. [demonic
                  | ancestry]
  1795 | D:3      | Reached XP level 5. HP: 38/38 MP: 6/6
  1967 | D:4      | Reached skill level 4 in Unarmed Combat
  2080 | D:4      | Reached skill level 2 in Dodging
  2095 | D:4      | Reached XP level 6. HP: 44/44 MP: 4/7
  2309 | D:4      | HP: 1/44 [ogre/+0 giant club (21)]
  2315 | D:4      | Reached skill level 3 in Dodging
  2315 | D:4      | Reached skill level 5 in Unarmed Combat
  2448 | D:4      | Found a basalt altar of Yredelemnul.
  2449 | D:4      | Found a broken altar of Ashenzari.
  2580 | D:4      | Noticed Pikel
  2608 | D:4      | Killed Pikel
  2609 | D:4      | Reached skill level 4 in Dodging
  2609 | D:4      | Reached skill level 6 in Unarmed Combat
  2609 | D:4      | Reached XP level 7. HP: 29/50 MP: 3/8
  2891 | D:5      | Entered Level 5 of the Dungeon
  2910 | D:5      | Found an iron altar of Okawaru.
  2924 | D:5      | Reached skill level 5 in Dodging
  2924 | D:5      | Reached XP level 8. HP: 32/56 MP: 5/9
  2950 | D:5      | Became a worshipper of Warmaster Okawaru
  2983 | D:5      | Noticed Menkaure
  3003 | D:5      | Killed Menkaure
  3004 | D:5      | Reached skill level 2 in Armour
  3086 | D:5      | Noticed Duvessa
  3088 | D:5      | Noticed Dowan
  3099 | D:5      | Killed Duvessa
  3100 | D:5      | Reached skill level 7 in Unarmed Combat
  3115 | D:5      | Killed Dowan
  3168 | D:5      | Reached skill level 3 in Armour
  3261 | D:5      | Found a glowing drain.
  3316 | Sewer    | Entered a sewer
  3358 | Sewer    | Reached skill level 1 in Invocations
  3754 | D:5      | Reached skill level 2 in Invocations
  3924 | D:5      | Identified a scroll of acquirement
  3924 | D:5      | Acquired 691 gold pieces
  4027 | D:5      | Reached * piety under Okawaru
  4165 | D:6      | Reached skill level 8 in Unarmed Combat
  4165 | D:6      | Gained mutation: You are mostly covered in slimy green
                  | scales. (AC +3) [demonic ancestry]
  4165 | D:6      | Reached XP level 9. HP: 43/61 MP: 4/11
  4353 | D:6      | Reached skill level 4 in Armour
  4353 | D:6      | Reached skill level 3 in Invocations
  4474 | D:6      | Noticed Maggie
  4487 | D:6      | Killed Maggie
  4623 | D:6      | Reached ** piety under Okawaru
  4662 | D:6      | Reached skill level 9 in Unarmed Combat
  4720 | D:6      | Reached skill level 5 in Armour
  5067 | D:7      | Found a staircase to the Ecumenical Temple.
  5427 | D:7      | Noticed a two-headed ogre
  5440 | D:7      | Killed a two-headed ogre
  5440 | D:7      | Reached *** piety under Okawaru
  5441 | D:7      | Reached skill level 6 in Armour
  5441 | D:7      | Reached skill level 10 in Unarmed Combat
  5441 | D:7      | Reached XP level 10. HP: 26/67 MP: 2/12
  5522 | D:7      | Found a shimmering altar of Xom.
  5826 | D:8      | Reached skill level 3 in Fighting
  5923 | D:8      | Noticed Prince Ribbit
  5929 | D:8      | Killed Prince Ribbit
  5929 | D:8      | Reached **** piety under Okawaru
  6079 | D:8      | Reached skill level 11 in Unarmed Combat
  6620 | D:9      | Identified the +5 quarterstaff of Accidental Termination
                  | {heavy, SInv}
  6726 | D:9      | Reached skill level 4 in Fighting
  6734 | D:9      | Reached skill level 7 in Armour
  6880 | D:9      | Reached ***** piety under Okawaru
  7035 | D:9      | Gained mutation: You have claws for hands. [demonic
                  | ancestry]
  7035 | D:9      | Reached XP level 11. HP: 65/78 MP: 9/13
  7505 | D:10     | Entered Level 10 of the Dungeon
  7516 | D:10     | Reached skill level 5 in Fighting
  7517 | D:10     | Noticed a two-headed ogre
  7521 | D:10     | Reached skill level 12 in Unarmed Combat
  7526 | D:10     | Killed a two-headed ogre
  7546 | D:10     | Noticed an ogre mage
  7546 | D:10     | Noticed an orc knight
  7556 | D:10     | Killed an ogre mage
  7556 | D:10     | Received a gift from Okawaru
  7563 | D:10     | Noticed a centaur warrior
  7568 | D:10     | Killed a centaur warrior
  7569 | D:10     | Reached skill level 8 in Armour
  7569 | D:10     | Noticed a wizard
  7588 | D:10     | Killed an orc knight
  7589 | D:10     | Reached skill level 6 in Fighting
  7590 | D:10     | Noticed a cyan ugly thing
  7594 | D:10     | Killed a cyan ugly thing
  7594 | D:10     | Reached ****** piety under Okawaru
  7601 | D:10     | Noticed a boulder beetle
  7623 | D:10     | Killed a wizard
  7646 | D:10     | Noticed a deep elf pyromancer
  7658 | D:10     | Killed a deep elf pyromancer
  7658 | D:10     | Received a gift from Okawaru
  7768 | D:10     | Killed a boulder beetle
  7769 | D:10     | Reached skill level 13 in Unarmed Combat
  7796 | D:10     | Found a blossoming altar of Fedhas.
  7824 | D:10     | Found Jeschi Odya's Armour Emporium.
  7828 | D:10     | Bought the +1 helmet of Lesser Demons {rElec Slay+3} for
                  | 469 gold pieces
  7883 | D:10     | Found a runed translucent door.
  7953 | D:10     | Found a staircase to the Lair.
  8003 | D:10     | Noticed a two-headed ogre
  8013 | D:10     | Killed a two-headed ogre
  8095 | D:10     | Identified the +2 scimitar of Ytsu Ru Bic {pain, Dex+4}
  8095 | D:10     | Identified the +4 shortbow "Sozu" {drain, rF+ rC+ Will-}
  8111 | D:10     | Found a runed translucent door.
  8111 | D:10     | Noticed a centaur warrior
  8111 | D:10     | Noticed an orc knight
  8299 | D:10     | Found a portal to a secret trove of treasure.
  8350 | Trove    | Entered a treasure trove
  8459 | Lair:1   | Entered Level 1 of the Lair of Beasts
  8472 | Lair:1   | Reached XP level 12. HP: 61/89 MP: 7/14
  8474 | Lair:1   | Reached skill level 7 in Fighting
  8684 | Lair:1   | Reached skill level 2 in Evocations
  8688 | Lair:1   | Reached skill level 9 in Armour
  8856 | Lair:1   | Reached skill level 3 in Evocations
  9226 | Lair:1   | Reached skill level 14 in Unarmed Combat
  9235 | Lair:1   | Noticed Harold
  9244 | Lair:1   | Killed Harold
  9245 | Lair:1   | Reached skill level 4 in Evocations
  9423 | Lair:2   | Reached skill level 5 in Evocations
  9497 | Lair:2   | Got Nuamp's Atlas of Battling
  9501 | Lair:2   | Noticed a five-headed hydra
  9512 | Lair:2   | Killed a ten-headed hydra
  9550 | Lair:2   | Reached skill level 6 in Evocations
  9585 | Lair:2   | Noticed a death yak
  9588 | Lair:2   | Noticed a four-headed hydra
  9593 | Lair:2   | Killed a death yak
  9600 | Lair:2   | Noticed a death yak
  9602 | Lair:2   | HP: 4/91 [nine-headed hydra (7)]
  9602 | Lair:2   | Slain by a nine-headed hydra

Vanquished Creatures
  Harold (Lair:1)
  A hydra (Lair:2)
  An ogre mage (D:10)
  A centaur warrior (D:10)
  3 two-headed ogres
  A boulder beetle (D:10)
  A death yak (Lair:2)
  A deep elf pyromancer (D:10)
  A wizard (D:10)
  Pikel (D:4)
  An orc knight (D:10)
  An ugly thing (D:10)
  An elephant (Lair:2)
  A torpor snail (Lair:2)
  3 black mambas
  Maggie (D:6)
  3 cane toads
  A kobold demonologist (D:10)
  A rime drake (Lair:2)
  6 komodo dragons
  A guardian mummy (D:10)
  2 trolls
  A meliai (D:10)
  Prince Ribbit (D:8)
  2 hornets (D:9)
  A shadow (D:10)
  A wraith (D:9)
  19 yaks
  3 wyverns (D:10)
  3 vampire mosquitoes (D:8)
  2 steam dragons
  Menkaure (D:5)
  Duvessa (D:5)
  6 water moccasins
  3 orc warriors
  3 black bears
  An ice beast (D:7)
  2 sky beasts (D:8)
  5 wolves (Lair:1)
  4 ogres
  13 centaurs
  2 lemures (D:4)
  A phantom (D:5)
  3 kobold brigands
  3 bullfrogs
  Dowan (D:5)
  5 wights (D:9)
  31 killer bees (Lair:1)
  5 howler monkeys
  A jelly (D:7)
  A hound (D:4)
  12 orc priests
  5 iguanas
  10 orc wizards
  5 hell rats (Lair:2)
  7 gnolls
  13 adders
  4 river rats (Lair:2)
  A white imp (D:8)
  An ufetubus (D:6)
  3 worms
  35 orcs
  6 endoplasms
  5 giant cockroaches
  6 hobgoblins
  10 jackals
  13 kobolds
  4 quokkas
  4 ball pythons
  5 bats
  2 frilled lizards (D:2)
  6 goblins
  8 rats
324 creatures vanquished.

Vanquished Creatures (others)
  5 fungi
  13 plants
18 creatures vanquished.

Grand Total: 342 creatures vanquished

Table legend: (Time is in decaauts)
 A = Elapsed time spent in this place.
 B = Non-inter-level travel time spent in this place.
 C = Inter-level travel time spent in this place.
 D = Time resting spent in this place.
 E = Time spent auto-exploring this place.
 F = Levels seen in this place.
 G = Mean time per level.
                   A        B        C        D        E       F      G
               +--------+--------+--------+--------+--------+-----+--------+
         Total |   9446 |   9089 |    357 |    620 |   6309 |  14 |  674.7 |
       Dungeon |   7828 |   7486 |    342 |    516 |   5353 |  10 |  782.8 |
          Lair |   1092 |   1078 |     14 |      4 |    744 |   2 |  546.0 |
         Trove |     57 |     57 |      0 |      0 |      2 |   1 |   57.0 |
         Sewer |    468 |    468 |      0 |    100 |    209 |   1 |  468.0 |
               +--------+--------+--------+--------+--------+-----+--------+

Top non-repeatable levels by time:
     D:8: 1020 daAuts
     D:4: 957 daAuts
     D:9: 927 daAuts
  Lair:1: 903 daAuts
    D:10: 831 daAuts
     D:2: 818 daAuts
     D:6: 788 daAuts
     D:5: 765 daAuts
     D:7: 648 daAuts
     D:3: 604 daAuts
   Sewer: 468 daAuts
     D:1: 465 daAuts
  Lair:2: 188 daAuts
   Trove: 57 daAuts

Table legend:
 A = Non-vault XP
 B = Vault XP
 C = Vault XP percentage of total XP
 D = Non-vault monster count
 E = Vault monster count
 F = Vault count percentage of total count
                 A         B        C        D         E       F
            +---------+---------+-------+---------+---------+-------
      Total |   20300 |   14881 |  42.3 |     228 |      94 |  29.2
            +---------+---------+-------+---------+---------+-------
        D:1 |      18 |       0 |   0.0 |      10 |       0 |   0.0
        D:2 |     128 |       0 |   0.0 |      23 |       0 |   0.0
        D:3 |      54 |       0 |   0.0 |      18 |       0 |   0.0
        D:4 |     579 |     593 |  50.6 |      31 |       1 |   3.1
        D:5 |     658 |     403 |  38.0 |      20 |       7 |  25.9
        D:6 |    1240 |     424 |  25.5 |      21 |       1 |   4.5
        D:7 |    1594 |       0 |   0.0 |      20 |       0 |   0.0
        D:8 |    1652 |     946 |  36.4 |      12 |       7 |  36.8
        D:9 |    3334 |       0 |   0.0 |      27 |       0 |   0.0
       D:10 |    1865 |    8089 |  81.3 |      15 |      14 |  48.3
     Lair:1 |    4436 |    2775 |  38.5 |      19 |      32 |  62.7
     Lair:2 |    4742 |    1415 |  23.0 |      12 |      14 |  53.8
      Sewer |       0 |     236 | 100.0 |       0 |      18 | 100.0
            +---------+---------+-------+---------+---------+-------
